 Dungeon Crawl Stone Soup version 0.22.0-35-ge4bf2f5f59 (webtiles) character file.

251 Phtor the Magician (level 6, -8/50 HPs)
             Began as a Gnoll Wanderer on Aug 24, 2018.
             Mangled by Duvessa
             ... wielding a +6 short sword of venom
              (13 damage)
             ... on level 4 of the Dungeon.
             The game lasted 00:14:55 (4802 turns).

Phtor the Magician (Gnoll Wanderer)                 Turns: 4802, Time: 00:14:56

Health: -8/50      AC:  3    Str: 15    XL:     6   Next: 13%
Magic:  16/16      EV: 12    Int: 17    God:
Gold:   140        SH:  0    Dex: 13    Spells: 16/19 levels left

rFire    . . .     SeeInvis .   p - +0 hunting sling (flame)
rCold    . . .     Gourm    .   (no shield)
rNeg     . . .     Faith    .   q - +0 leather armour
rPois    .         Spirit   .   (no helmet)
rElec    .         Reflect  .   (no cloak)
rCorr    .         Harm     .   (no gloves)
MR       .....                  (no boots)
Stlth    ++........             (no amulet)
HPRegen  0.16/turn              (no ring)
MPRegen  0.15/turn              (no ring)

@: lethally poisoned (-8 -> -32)
A: distributed training, fangs 1, strong nose
a: no special abilities


You were on level 4 of the Dungeon.
You were hungry.

You visited 1 branch of the dungeon, and saw 5 of its levels.

You collected 140 gold pieces.

Inventory:

Hand Weapons
 a - a +2 hand axe
 j - a +0 short sword of protection
 p - a +0 hunting sling of flaming (weapon)
Missiles
 t - 21 sling bullets (quivered)
 v - 41 arrows
Armour
 q - a +0 leather armour (worn)
Jewellery
 x - an uncursed ring of ice {unknown}
Wands
 s - a wand of digging (9)
Scrolls
 d - 2 scrolls of remove curse
 g - 3 scrolls of teleportation
 k - 5 scrolls of identify
 o - a scroll of enchant weapon {unknown}
 r - a scroll of amnesia {unknown}
 u - a scroll of fog {unknown}
Potions
 b - a potion of mutation {unknown}
 c - 2 potions of might {unknown}
 e - 2 potions of curing {unknown}
 h - 2 potions of agility {unknown}
 i - 3 potions of flight
 l - 2 potions of invisibility {unknown}
 m - a potion of lignification {unknown}
 n - a potion of resistance {unknown}
 w - a potion of haste {unknown}
Comestibles
 f - 4 rations


   Skills:
 + Level 4.9 Fighting
 + Level 1.8 Short Blades
 + Level 1.8 Long Blades
 + Level 3.1 Axes
 + Level 1.8 Maces & Flails
 + Level 1.8 Polearms
 + Level 1.8 Staves
 + Level 1.8 Slings
 + Level 1.8 Bows
 + Level 1.8 Crossbows
 + Level 1.8 Throwing
 + Level 1.8 Armour
 + Level 1.8 Dodging
 + Level 1.8 Stealth
 + Level 1.8 Shields
 + Level 1.8 Unarmed Combat
 + Level 7.3 Spellcasting
 + Level 1.4 Conjurations
 + Level 1.4 Hexes
 + Level 1.4 Charms
 + Level 1.4 Summonings
 + Level 4.0 Necromancy
 + Level 1.4 Translocations
 + Level 1.4 Transmutations
 + Level 1.4 Fire Magic
 + Level 1.4 Ice Magic
 + Level 1.4 Air Magic
 + Level 1.4 Earth Magic
 + Level 1.4 Poison Magic
 + Level 2.0 Invocations
 + Level 4.9 Evocations


You had 16 spell levels left.
You knew the following spells:

 Your Spells              Type           Power        Failure   Level  Hunger
a - Regeneration          Chrm/Necr      ###.......   13%         3    ##.....

Your spell library contained the following spells:

 Spells                   Type           Power        Failure   Level  Hunger
 Pain                     Necr           ###.         2%          1    None
 Corona                   Hex            ##.....      8%          1    None
 Magic Dart               Conj           ##..         8%          1    None
 Blink                    Tloc           N/A          12%         2    None
 Call Imp                 Summ           ##......     12%         2    None
 Ensorcelled Hibernation  Hex/Ice        ##....       12%         2    None
 Slow                     Hex            ##......     12%         2    None
 Confuse                  Hex            ##......     22%         3    ##.....
 Conjure Flame            Conj/Fire      ##......     22%         3    ##.....
 Dazzling Spray           Conj/Hex       ##....       22%         3    ##.....
 Mephitic Cloud           Conj/Pois/Air  ##......     22%         3    ##.....
 Tukima's Dance           Hex            ##......     22%         3    ##.....


Dungeon Overview and Level Annotations

Branches:
Dungeon (5/15)
 Temple: D:4-7

Altars:

Annotations:
D:4 Dowan, Duvessa
D:5 Pikel


Innate Abilities, Weirdness & Mutations

Your experience applies equally to all skills.
You have very sharp teeth.
Your uncanny sense of smell can sniff out nearby items.


Message History

Dowan says, "My weaknesses are her strengths!"
You feel sick.
Duvessa hits you with a short sword of venom.
You are more poisoned.
Dowan mumbles some strange words.
Dowan blinks!
You feel sick.
You feel sick.
Duvessa hits you with a short sword of venom!
You feel sick.
You feel sick.
Duvessa hits you with a short sword of venom!
* * * LOW HITPOINT WARNING * * *
You are more poisoned.
* * * LOW HITPOINT WARNING * * *
You feel sick.
* * * LOW HITPOINT WARNING * * *
You feel sick.
Duvessa hits you with a short sword of venom!
You die...

#.. ≈≈≈≈≈≈∆ ..#
##..###≈≈≈≈###..#
..#...#≈≈#...#.####
##.#.⌠.#≈≈#.⌠.#....
...#...#≈≈#...#..#
##..###≈..≈###...####.#
......................#
###.############e####.#
#.# #@# #.# #.# #.# #.#
#.# #.# ###.# #.#
....############.#
.................#
.#...........###.#
....<........# #.#


You could see Duvessa.

Vanquished Creatures
  An orc priest (D:3)
  A hound (D:3)
  Ijyb (D:3)
  4 adders
  4 gnolls (D:3)
  A worm (D:3)
  2 dart slugs (D:1)
  4 leopard geckos
  3 orcs (D:3)
  A ball python (D:3)
  3 bats
  7 giant cockroaches
  10 goblins
  8 hobgoblins
  10 jackals
  A quokka (D:3)
  4 frilled lizards
  3 kobolds
  5 rats
73 creatures vanquished.

Notes
Turn   | Place    | Note
-------+----------+-------------------------------------------
     0 | D:1      | Phtor the Gnoll Wanderer began the quest for the Orb.
     0 | D:1      | Phtor set off with: a +2 hand axe, a +0 shortbow, 24 arrows, a +0 robe, a ration
     0 | D:1      | Reached XP level 1. HP: 20/20 MP: 8/8
    45 | D:1      | Reached XP level 2. HP: 3/26 MP: 10/10
   775 | D:1      | Reached XP level 3. HP: 12/31 MP: 11/11
  1640 | D:2      | Reached skill level 1 in Invocations
  2134 | D:2      | Learned a level 3 spell: Regeneration
  2145 | D:2      | Reached skill level 1 in Short Blades
  2145 | D:2      | Reached skill level 1 in Long Blades
  2145 | D:2      | Reached skill level 1 in Maces & Flails
  2145 | D:2      | Reached skill level 1 in Polearms
  2145 | D:2      | Reached skill level 1 in Staves
  2145 | D:2      | Reached skill level 1 in Slings
  2145 | D:2      | Reached skill level 1 in Bows
  2145 | D:2      | Reached skill level 1 in Crossbows
  2145 | D:2      | Reached skill level 1 in Throwing
  2145 | D:2      | Reached skill level 1 in Armour
  2145 | D:2      | Reached skill level 1 in Dodging
  2145 | D:2      | Reached skill level 1 in Stealth
  2145 | D:2      | Reached skill level 1 in Shields
  2145 | D:2      | Reached skill level 1 in Unarmed Combat
  2145 | D:2      | Reached XP level 4. HP: 8/38 MP: 9/13
  2981 | D:3      | Reached skill level 1 in Conjurations
  2981 | D:3      | Reached skill level 1 in Hexes
  2981 | D:3      | Reached skill level 1 in Charms
  2981 | D:3      | Reached skill level 1 in Summonings
  2981 | D:3      | Reached skill level 1 in Translocations
  2981 | D:3      | Reached skill level 1 in Transmutations
  2981 | D:3      | Reached skill level 1 in Fire Magic
  2981 | D:3      | Reached skill level 1 in Ice Magic
  2981 | D:3      | Reached skill level 1 in Air Magic
  2981 | D:3      | Reached skill level 1 in Earth Magic
  2981 | D:3      | Reached skill level 1 in Poison Magic
  3370 | D:3      | Reached XP level 5. HP: 35/43 MP: 14/14
  3488 | D:3      | Noticed Ijyb
  3525 | D:3      | Killed Ijyb
  4010 | D:3      | Reached XP level 6. HP: 7/50 MP: 16/16
  4663 | D:5      | Entered Level 5 of the Dungeon
  4663 | D:5      | Noticed Pikel
  4663 | D:5      | Noticed a slave
  4663 | D:5      | Noticed a slave
  4663 | D:5      | Noticed a slave
  4664 | D:5      | Noticed a slave
  4771 | D:4      | Noticed Duvessa
  4773 | D:4      | Noticed Dowan
  4802 | D:4      | Mangled by Duvessa

Skill      XL: |  1  2  3  4  5  6 |
---------------+-------------------+-----
Invocations    | 1 2 |  2.0
Short Blades   | 1 |  1.8
Long Blades    | 1 |  1.8
Maces & Flails | 1 |  1.8
Polearms       | 1 |  1.8
Staves         | 1 |  1.8
Slings         | 1 |  1.8
Bows           | 1 |  1.8
Crossbows      | 1 |  1.8
Throwing       | 1 |  1.8
Armour         | 1 |  1.8
Dodging        | 1 |  1.8
Stealth        | 1 |  1.8
Shields        | 1 |  1.8
Unarmed Combat | 1 |  1.8
Conjurations   | 1 |  1.4
Hexes          | 1 |  1.4
Charms         | 1 |  1.4
Summonings     | 1 |  1.4
Translocations | 1 |  1.4
Transmutations | 1 |  1.4
Fire Magic     | 1 |  1.4
Ice Magic      | 1 |  1.4
Air Magic      | 1 |  1.4
Earth Magic    | 1 |  1.4
Poison Magic   | 1 |  1.4
Axes           | 3 |  3.1
Necromancy     | 4 |  4.0
Fighting       | |  4.9
Spellcasting   | |  7.3
Evocations     | |  4.9

Action                   |  1- 3 |  4- 6 || total
-------------------------+-------+-------++-------
Melee: Hand axe          |   123 |   130 ||   253
       Bite              |    11 |    14 ||    25
       Punch             |       |     2 ||     2
 Fire: Hunting sling     |       |    47 ||    47
 Cast: Regeneration      |     1 |     7 ||     8
  Use: Scroll            |       |     3 ||     3
 Stab: Sleeping          |     1 |     3 ||     4
  Eat: Chunk             |     4 |     8 ||    12
Armor: Robe              |    12 |    20 ||    32
       Leather armour    |       |     4 ||     4
Dodge: Dodged            |    70 |    90 ||   160
